 Dungeon Crawl Stone Soup version 0.28-a0-381-g937acc2988 (webtiles) character file.

Game seed: 5667112300760508511

58 lunkers the Ruffian (level 3, -4/34 HPs)
             Began as a Minotaur Cinder Acolyte on Sept 1, 2021.
             Was a High Priest of Ignis.
             Killed from afar by Sigmund (8 damage)
             ... with a magic dart
             ... on level 2 of the Dungeon.
             The game lasted 00:02:52 (1419 turns).

lunkers the Ruffian (Minotaur Cinder Acolyte)       Turns: 1419, Time: 00:02:53

Health: -4/34      AC:  2    Str: 26    XL:     3   Next: 75%
Magic:  1/3        EV: 11    Int: 10    God:    Ignis [*****.]
Gold:   93         SH:  0    Dex:  5    Spells: 3/4 levels left

rFire   + . .      SeeInvis .     - Unarmed
rCold   . . .      Faith    .   (no shield)
rNeg    . . .      Spirit   .   a - +0 robe
rPois   .          Reflect  .   (helmet restricted)
rElec   .          Harm     .   (no cloak)
rCorr   .          Rampage  .   (no gloves)
Will    .....                   (no boots)
Stlth   +.........              (no amulet)
HPRegen 0.11/turn               f - +6 ring of strength
MPRegen 0.08/turn               (no ring)

@: lethally poisoned (-4 -> -17), very slightly contaminated
A: horns 2, retaliatory headbutt
a: Renounce Religion, Sea of Fire, Foxfire Swarm, Rising Flame


You were on level 2 of the Dungeon.
You worshipped Ignis.
Ignis was extremely pleased with you.
You visited 1 branch of the dungeon, and saw 2 of its levels.

You collected 93 gold pieces.

Inventory:

Armour
 a - a +0 robe (worn)
Jewellery
 f - a +6 ring of strength (left hand)
Potions
 b - a potion of mutation
 g - a potion of degeneration {unknown}
 h - a potion of attraction {unknown}
 i - a potion of heal wounds {unknown}


   Skills:
 + Level 4.4 Fighting
 * Level 4.6 Unarmed Combat
 - Level 1.0 Spellcasting
 - Level 0.6 Fire Magic


You had 3 spell levels left.
You knew the following spells:

 Your Spells              Type           Power      Damage    Failure   Level
p - Foxfire               Conj/Fire      4%         2x1d4     30%         1

Your spell library contained the following spells:

 Spells                   Type           Power      Damage    Failure   Level


Dungeon Overview and Level Annotations

Branches:
Dungeon (2/15)

Altars:

Shops:
D:2 [

Annotations:
D:2 Sigmund


Innate Abilities, Weirdness & Mutations

You have a pair of horns on your head.
You reflexively headbutt those who attack you in melee.


Message History

You miscast Foxfire.
You are very lightly contaminated with residual magic.
Nothing appears to happen.
The foxfire hits Sigmund.
Sigmund is lightly wounded.
Casting: Foxfire (safe; 30% risk of failure)
Press: ? - help, Q - select action, (/) - cycle Dir - look around, f - activate You miscast Foxfire.
Nothing appears to happen.
The foxfire hits Sigmund but does no damage.
Sigmund is lightly wounded.
Unknown command.
Unknown command.
Okay, then.
Sigmund casts a spell at you. The puff of flame hits you. You resist.
Sigmund casts a spell at you. You resist with significant effort.
Sigmund closely misses you.
You hit Sigmund but do no damage.
Sigmund is lightly wounded.
Sigmund casts a spell at you. The puff of flame hits you. You resist.
You barely miss Sigmund.
Sigmund is lightly wounded.
You closely miss Sigmund.
Sigmund is lightly wounded.
Sigmund mumbles some strange words.
Sigmund flickers and vanishes!
Deactivating autopickup; reactivate with Ctrl-A.
You closely miss something. Something hits you.
You barely miss something. Something hits you!
* * * LOW HITPOINT WARNING * * *
You are lethally poisoned!
* * * LOW HITPOINT WARNING * * *
You feel very sick.
* * * LOW HITPOINT WARNING * * *
You feel very sick.
A magic dart appears from out of thin air!
The magic dart hits you!
You die...

# ###.# #..#### # ##...#
##....# ####..### #######.###
#....## #.........# #.####
#.........## #.# #..........#
#.# ###..........# ..#
###...(........# .##
####.).#..<@..{...#
######^...############.#
###....#### #.# ##..####
#####.##### ...## #.........#
.### #......)..#
##################.........#
...............@...ยง.......#
##################.........#


There were no monsters in sight!

Vanquished Creatures
  A hound (D:2)
  An adder (D:2)
  A dart slug (D:2)
  3 endoplasms
  3 goblins
  A quokka (D:2)
  3 bats (D:2)
  2 frilled lizards (D:1)
  A kobold (D:2)
  2 rats (D:2)
18 creatures vanquished.

Vanquished Creatures (others)
  16 foxfires
16 creatures vanquished.

Grand Total: 34 creatures vanquished

Notes
Turn   | Place    | Note
-------+----------+-------------------------------------------
     0 | D:1      | lunkers the Minotaur Cinder Acolyte began the quest for the
                  | Orb.
     0 | D:1      | Reached XP level 1. HP: 19/19 MP: 1/1
   163 | D:1      | Found a faded altar of an unknown god.
   399 | D:2      | Reached XP level 2. HP: 26/27 MP: 0/2
   677 | D:2      | Reached XP level 3. HP: 21/34 MP: 0/3
   954 | D:2      | Found Xisoloag's Armour Shoppe.
  1216 | D:2      | Noticed Sigmund
  1419 | D:2      | Killed from afar by Sigmund

Illustrated notes

Levels and vault maps discovered:
D:1:      minmay_arrival_doors, layout_rooms, basic_ecumenical_altar
D:2:      layout_rooms, serial_shops, shop_fountains, uniq_crazy_yiuf_cottage,
          uniq_terence, uniq_sigmund

Skill      XL: |  1  2 |
---------------+-------+-----
Fighting       | 4 |  4.4
Unarmed Combat | 4 |  4.6
Spellcasting   | |  1.0
Fire Magic     | |  0.6

Action                   || total
-------------------------++-------
Melee: Unarmed           ||    32
       Headbutt          ||     5
 Cast: Foxfire           ||    15
  Use: Scroll            ||     3
Armor: Robe              ||     5
Dodge: Dodged            ||    19

Table legend: (Time is in decaauts)
 A = Elapsed time spent in this place.
 B = Non-inter-level travel time spent in this place.
 C = Inter-level travel time spent in this place.
 D = Time resting spent in this place.
 E = Time spent auto-exploring this place.
 F = Levels seen in this place.
 G = Mean time per level.
                   A        B        C        D        E       F      G
               +--------+--------+--------+--------+--------+-----+--------+
         Total |   1416 |   1407 |      9 |    157 |   1087 |   2 |  708.0 |
       Dungeon |   1416 |   1407 |      9 |    157 |   1087 |   2 |  708.0 |
               +--------+--------+--------+--------+--------+-----+--------+

Top non-repeatable levels by time:
     D:2: 865 daAuts
     D:1: 551 daAuts
